 Dungeon Crawl Stone Soup version 0.28-a0-595-g9f6c0e134a (webtiles) character file.

Game seed: 13905783549245151839

0 meatgazer the Skirmisher (level 1, -8/18 HPs)
             Began as a Demonspawn Abyssal Knight on Oct 4, 2021.
             Was a Follower of Lugonu.
             Splashed by a brown very ugly thing's acid (9 damage)
             ... summoned by a worldbinder
             ... on level 2 of the Abyss.
             The game lasted 00:00:18 (99 turns).

meatgazer the Skirmisher (Demonspawn Abyssal Knight)  Turns: 99, Time: 00:00:20

Health: -8/18      AC:  3    Str: 13    XL:     1   Next: 0%
Magic:  2/2        EV: 11    Int: 11    God:    Lugonu [*.....]
Gold:   0          SH:  0    Dex: 13    Spells: 0/0 levels left

rFire   . . .      SeeInvis .   a - +1 falchion
rCold   . . .      Faith    .   (no shield)
rNeg    . . .      Spirit   .   b - +0 leather armour
rPois   .          Reflect  .   (no helmet)
rElec   .          Harm     .   (no cloak)
rCorr   .          Rampage  .   (no gloves)
Will    .....                   (no boots)
Stlth   +.........              (no amulet)
HPRegen 0.06/turn               (no ring)
MPRegen 0.08/turn               (no ring)

@: no status effects
A: [screaming 2]
a: Renounce Religion, Depart the Abyss


You were on level 2 of the Abyss.
You worshipped Lugonu.
Lugonu was aware of your devotion.
You visited 0 branches of the dungeon, and saw 0 of its levels.
You visited the Abyss 1 time.

Inventory:

Hand Weapons
 a - a +1 falchion (weapon)
Armour
 b - a +0 leather armour (worn)


   Skills:
 + Level 3.0 Fighting
 + Level 1.7 Long Blades
 + Level 1.7 Armour
 + Level 0.8 Dodging
 + Level 2.4 Invocations


You couldn't memorise any spells.
You didn't know any spells.
Your spell library contained the following spells:

 Spells                   Type           Power      Damage    Failure   Level
 Ignite Poison            Fire/Tmut/Pois 0%         N/A       80%         3
 Mephitic Cloud           Conj/Pois/Air  0%         N/A       80%         3
 Freezing Cloud           Conj/Ice/Air   0%         6-21      100%        5


Dungeon Overview and Level Annotations

Branches:
Dungeon (0/15)

Altars:

Annotations:
Abyss:2 1 transporter


Innate Abilities, Weirdness & Mutations

[You frequently scream uncontrollably at your foes.]


Message History

Welcome, meatgazer the Demonspawn Abyssal Knight.
Will you prevail where others failed? Will you find the Orb of Zot?
Lugonu says: Depart the Abyss and spread corruption, my servant! (use the ability menu to exit the Abyss) Press ? for a list of commands and other information.
Found a corrupted altar of Lugonu.
Found a chain mail.
Found a gateway leading out of the Abyss.
You pick up a Trismegistus Codex and begin reading...
You add the spells Ignite Poison, Mephitic Cloud and Freezing Cloud to your library.
A small abomination comes into view.
Found a gateway leading deeper into the Abyss.
The small abomination hits you!
Ouch! That really hurt!
The small abomination misses you.
Found a kite shield.
There is a gateway leading deeper into the Abyss here.
The small abomination closely misses you.
You plunge deeper into the Abyss.
The jelly quivers.
The white imp shouts!
The ynoxinul bellows!
Found a metallic inky potion and a scroll labelled BUARUS LUAM GAA.
Found two corrupted altars of Lugonu.
Found a transporter.
The wretched star pulses with an eldritch light!
You feel the urge to shout.
You feel a strong urge to scream.
A tentacle flies out from the starspawn's body!
You scream at the starspawn tentacle!
A starspawn tentacle comes into view.
The worldbinder calls forth creatures from the Vaults!
The brown very ugly thing closely misses you.
You hit the brown very ugly thing.
The brown very ugly thing is lightly wounded.
The brown very ugly thing punches you.
* * * LOW HITPOINT WARNING * * *
You are splashed with acid!
Ouch! That really hurt!
You die...

.#.#. .... ###
#... .?##
###...##...
..##©##...
..!###... ####
#..Xw*..# #@.#
.#
#.J....####u#..#
#.._..#x.#.O...#
#_X . ##
x.x##...# #X.5..
###.....#..# .X.
##3 ##....# .#
X.# ©## #......
# #.. # #....###
#... # ...#


You could see a brown very ugly thing (summoned), an ironbound thunderhulk
(summoned) and a worldbinder.

Vanquished Creatures (others)
  2 starspawn tentacles (Abyss:2)
2 creatures vanquished.

Notes
Turn   | Place    | Note
-------+----------+-------------------------------------------
     0 | Abyss:1  | meatgazer the Demonspawn Abyssal Knight began the quest for
                  | the Orb.
     0 | Abyss:1  | Reached XP level 1. HP: 18/18 MP: 2/2
    84 | Abyss:1  | Noticed a small abomination
    91 | Abyss:2  | Noticed a tentacled starspawn
    91 | Abyss:2  | Noticed a jelly
    91 | Abyss:2  | Noticed a worldbinder
    91 | Abyss:2  | Noticed a tentacled monstrosity
    91 | Abyss:2  | Noticed a wretched star
    91 | Abyss:2  | Noticed a starcursed mass
    91 | Abyss:2  | Noticed a worldbinder
    91 | Abyss:2  | Noticed a large abomination
    91 | Abyss:2  | Noticed a tentacled starspawn
    91 | Abyss:2  | Noticed a ynoxinul
    91 | Abyss:2  | Noticed a large abomination
    91 | Abyss:2  | Found a corrupted altar of Lugonu.
    91 | Abyss:2  | Found a corrupted altar of Lugonu.
    91 | Abyss:2  | Found a transporter.
    96 | Abyss:2  | Noticed a brown very ugly thing
    96 | Abyss:2  | Noticed an ironbound thunderhulk
    99 | Abyss:2  | Splashed by a brown very ugly thing's acid

Illustrated notes

Levels and vault maps discovered:
Abyss:2:  base: Temple, gammafunk_corrupted_shrine

Action                   || total
-------------------------++-------
Melee: Falchion          ||     1
Dodge: Dodged            ||     3

Table legend: (Time is in decaauts)
 A = Elapsed time spent in this place.
 B = Non-inter-level travel time spent in this place.
 C = Inter-level travel time spent in this place.
 D = Time resting spent in this place.
 E = Time spent auto-exploring this place.
 F = Levels seen in this place.
 G = Mean time per level.
                   A        B        C        D        E       F      G
               +--------+--------+--------+--------+--------+-----+--------+
         Total |     98 |     98 |      0 |      0 |     81 |   2 |   49.0 |
         Abyss |     98 |     98 |      0 |      0 |     81 |   2 |   49.0 |
               +--------+--------+--------+--------+--------+-----+--------+

Top non-repeatable levels by time:
 Abyss:1: 91 daAuts
 Abyss:2: 7 daAuts
